 Dungeon Crawl Stone Soup version 0.31-a0-521-gc7390f8997 (webtiles) character file.

Game seed: 15849352753712524357

1848 jasper the Mimic (level 8, -7/37 HPs)
             Began as a Spriggan Shapeshifter on Aug 10, 2023.
             Was an Initiate of Yredelemnul.
             Engulfed by a steam dragon's steam (11 damage)
             ... on level 6 of the Dungeon.
             The game lasted 00:10:23 (5124 turns).

jasper the Mimic (Spriggan Shapeshifter)            Turns: 5124, Time: 00:10:24

Health: -7/37      AC: 10    Str: 11    XL:     8   Next: 88%
Magic:  9/9        EV: 18    Int:  9    God:    Yredelemnul [......]
Gold:   272        SH:  0    Dex: 18    Spells: 5/7 levels left

rFire   . . .        j - +4 spear (protect)
rCold   . . .        (no shield)
rNeg    . . .        a - +1 animal skin
rPois   .            (helmet currently unavailable)
rElec   .            (cloak currently unavailable)
rCorr   .            (gloves unavailable)
SInv    +            (boots unavailable)
Will    +....        s - amulet of regeneration
Stlth   ++           (no ring)
HPRegen 1.06/turn    (no ring)
MPRegen 0.11/turn

%: no passive effects
@: beast-form, under a protective aura, very quick
A: beast (slay +4), very small, no large weapons, unfitting armour, see
invisible, speed 3
a: Begin Untransformation, Renounce Religion, Recall Undead Harvest


You were on level 6 of the Dungeon.
You worshipped Yredelemnul.
Yredelemnul was noncommittal.
You were a hulking beast.
You visited 1 branch of the dungeon, and saw 6 of its levels.

You collected 272 gold pieces.

Inventory:

Hand Weapons
 j - a +4 spear of protection (weapon)
Missiles
 f - 9 boomerangs
 r - 61 stones
 x - a throwing net
Armour
 a - a +1 animal skin (worn)
Magical Staves
 h - a staff of earth
Jewellery
 s - an amulet of regeneration (around neck)
 w - a ring of wizardry
Talismans
 c - a beast talisman (active)
 d - a flux talisman
Wands
 p - a wand of roots (17)
Scrolls
 g - 2 scrolls of silence
 n - a scroll of poison
 q - 2 scrolls of teleportation
 v - a scroll of fog
Potions
 b - a potion of lignification
 e - 2 potions of heal wounds
 i - 5 potions of curing
 k - 5 potions of attraction
 l - a potion of haste
 m - a potion of mutation
 o - a potion of invisibility
 u - a potion of degeneration {unknown}


   Skills:
 + Level 1.0 Fighting
 + Level 2.9 Dodging
 + Level 1.0 Stealth
 - Level 2.4 Unarmed Combat
 + Level 0.4 Invocations
 - Level 13.0 Shapeshifting


You had 5 spell levels left.
You knew the following spells:

 Your Spells              Type           Power      Damage    Failure   Level
a - Wereblood             Tmut           0%         N/A       52%         2

Your spell library contained the following spells:

 Spells                   Type           Power      Damage    Failure   Level
 Shock                    Conj/Air       0%         1d3       38%         1
 Sublimation of Blood     Necr           0%         N/A       52%         2
 Dazzling Flash           Conj/Hex       0%         N/A       77%         3
 Swiftness                Air            0%         N/A       77%         3
 Airstrike                Air            0%         2d(0-16)  99%         4
 Passage of Golubria      Tloc           0%         N/A       99%         4
 Agony                    Necr           0%         N/A       100%        5
 Silence                  Hex/Air        0%         N/A       100%        5
 Summon Hydra             Summ           0%         N/A       100%        7
 Lehudib's Crystal Spear  Conj/Erth      0%         10d2      100%        8


Dungeon Overview and Level Annotations

Branches:
Dungeon (6/15)             Temple (0/1) D:4

Altars:
Hepliaklqana
Kikubaaqudgha
Makhleb
Ru
Yredelemnul

Shops:
D:1 [

Annotations:
D:6 1 runed translucent door, baller8008's ghost, novice OpCj


Innate Abilities, Weirdness & Mutations

You are a hulking beast.
Your limbs bulge with bestial killing power. (Slay +4)
You are very small and have problems with some larger weapons.
You are too small for most types of armour.
You have supernaturally acute eyesight. (SInv)
You cover ground extremely quickly. (Speed+++)


Message History

Aiming: Mindburst
Press: ? - help, Shift-Dir - straight line, f/p - steam dragon
Aim: a steam dragon (chance to affect: 64%)
The steam dragon's mind is blasted!
The steam dragon breathes steam at you. The ball of steam misses you.
You hear a shout!
You regained 2 hp, and now have 20/37 hp.
Aiming: Mindburst
Press: ? - help, Shift-Dir - straight line, f/p - steam dragon
Aim: a steam dragon (moderately wounded, catching its breath, chance to affect: 64%)
The steam dragon's mind is blasted!
You are engulfed in a cloud of scalding steam.
The steam dragon barely misses you. The steam dragon completely misses you.
Aiming: Mindburst
Press: ? - help, Shift-Dir - straight line, f/p - steam dragon
Aim: a steam dragon (heavily wounded, catching its breath, chance to affect: 64%)
The steam dragon's mind is blasted!
The steam dragon completely misses you. The steam dragon barely misses you.
Aiming: Mindburst
Press: ? - help, Shift-Dir - straight line, f/p - steam dragon
Aim: a steam dragon (almost dead, chance to affect: 64%)
The steam dragon struggles to resist.
The steam dragon bites you but does no damage.
The steam dragon barely misses you.
Aiming: Mindburst
Press: ? - help, Shift-Dir - straight line, f/p - steam dragon
Aim: a steam dragon (almost dead, chance to affect: 64%)
The steam dragon struggles to resist.
The now-empty wand crumbles to dust.
The steam dragon breathes steam at you. The ball of steam hits you!!
Ouch! That really hurt!
* * * LOW HITPOINT WARNING * * *
You take 19 damage, and have 4/37 hp.
MASSIVE DAMAGE!!
You hit the steam dragon.
Your weapon exudes an aura of protection.
The steam dragon is almost dead.
You are engulfed in a cloud of scalding steam.
You die...
Your body rises from the dead as a mindless zombie.

#.#............#.#
#.#.#..........#.#
#.#.#..........#.#
..#,#..........#.#
###,#..........#§#
..,,#......[...#.#
##**#..........#§#
## *,.........#§#
## **##########h#
# ####**#D#
#....,#o#
#.....#o### **
#..!......# ,**
#..o......# ,,*
#.........# *,**
*#.........# ,,,**
*...##!....#


You could see a steam dragon (catching breath), an orc priest and an orc.

Vanquished Creatures
  Prince Ribbit (D:5)
  An acid dragon (D:5)
  3 black bears
  2 ogres (D:5)
  A centaur (D:6)
  A phantom (D:4)
  A scorpion (D:6)
  2 bullfrogs (D:6)
  A howler monkey (D:5)
  5 hounds
  An orc priest (D:5)
  Terence (D:3)
  A jelly (D:6)
  Ijyb (D:3)
  An iguana (D:4)
  2 orc wizards
  Natasha (thrice) (D:3)
  4 gnolls (D:3)
  5 adders
  2 shadow imps (D:5)
  An adder zombie (D:3)
  A worm (D:2)
  3 dart slugs
  13 orcs
  8 endoplasms
  10 goblins
  15 hobgoblins
  3 jackals (D:1)
  2 quokkas
  8 ball pythons
  A ball python zombie (D:3)
  5 bats
  3 frilled lizards
  5 kobolds
  8 rats
125 creatures vanquished.

Vanquished Creatures (collateral kills)
  A jelly (D:5)
  An orc wizard (D:5)
  4 gnolls (D:4)
  A worm (D:5)
  An orc (D:6)
  An endoplasm (D:4)
9 creatures vanquished.

Vanquished Creatures (others)
  2 scorpion zombies
  A hound zombie (D:5)
  An adder zombie (D:3)
  2 jelly zombies
  A gnoll zombie (D:3)
  An endoplasm zombie (D:3)
  A goblin zombie (D:4)
  A hobgoblin zombie (D:4)
  5 orc zombies
15 creatures vanquished.

Grand Total: 149 creatures vanquished

Notes
Turn   | Place    | Note
-------+----------+-------------------------------------------
     0 | D:1      | jasper the Spriggan Shapeshifter began the quest for the
                  | Orb.
     0 | D:1      | Reached XP level 1. HP: 9/9 MP: 2/2
   172 | D:1      | Reached XP level 2. HP: 13/14 MP: 3/3
   378 | D:1      | Found Ytosui's Armour Boutique.
   414 | D:1      | Reached skill level 5 in Shapeshifting
   609 | D:2      | Reached XP level 3. HP: 17/17 MP: 4/4
  1469 | D:3      | Reached XP level 4. HP: 21/21 MP: 5/5
  1472 | D:3      | Learned a level 2 spell: Wereblood
  1564 | D:3      | Found a faded altar of an unknown god.
  1571 | D:3      | Prayed at the altar of an unknown god.
  1571 | D:3      | Became a worshipper of Yredelemnul the Dark
  1571 | D:3      | Reached * piety under Yredelemnul
  1661 | D:3      | Reached skill level 6 in Shapeshifting
  1703 | D:3      | Noticed Terence
  1729 | D:3      | Killed Terence
  1786 | D:3      | Found a basalt altar of Yredelemnul.
  1871 | D:3      | Noticed Natasha
  1911 | D:3      | Reached XP level 5. HP: 25/25 MP: 6/6
  1916 | D:3      | Killed Natasha
  1917 | D:3      | Reached skill level 7 in Shapeshifting
  2060 | D:3      | Found an ancient bone altar of Kikubaaqudgha.
  2095 | D:3      | Noticed Ijyb
  2099 | D:3      | Noticed Natasha
  2108 | D:3      | Killed Ijyb
  2113 | D:3      | Killed Natasha
  2296 | D:3      | Noticed Natasha
  2303 | D:3      | Killed Natasha
  2354 | D:3      | Reached XP level 6. HP: 29/29 MP: 7/7
  2802 | D:4      | Reached skill level 8 in Shapeshifting
  3093 | D:4      | Found a staircase to the Ecumenical Temple.
  3232 | D:4      | Reached ** piety under Yredelemnul
  3417 | D:4      | Reached skill level 9 in Shapeshifting
  3417 | D:4      | Reached XP level 7. HP: 32/32 MP: 8/8
  4110 | D:5      | Entered Level 5 of the Dungeon
  4139 | D:5      | Reached skill level 10 in Shapeshifting
  4321 | D:5      | Noticed Prince Ribbit
  4333 | D:5      | Killed Prince Ribbit
  4334 | D:5      | Reached skill level 11 in Shapeshifting
  4334 | D:5      | Reached XP level 8. HP: 36/37 MP: 9/9
  4356 | D:5      | Found a burning altar of Makhleb.
  4639 | D:5      | Reached skill level 12 in Shapeshifting
  4891 | D:6      | Found a sacrificial altar of Ru.
  4966 | D:6      | Noticed baller8008's ghost (novice OpCj)
  4966 | D:6      | Found a runed translucent door.
  4973 | D:6      | Found a hazy altar of Hepliaklqana.
  5118 | D:6      | Reached skill level 13 in Shapeshifting
  5118 | D:6      | Reached skill level 1 in Fighting
  5118 | D:6      | Reached skill level 1 in Stealth
  5124 | D:6      | Engulfed by a steam dragon's steam

Illustrated notes

Levels and vault maps discovered:
D:1:      psy_arrival_radial01, layout_rooms, serial_shops, shop
D:2:      cheibrodos_old_hovel, layout_basic, grunt_decor_clamped
D:3:      layout_loops_corners, lemuel_zombie_altar_yredelemnul,
          kiku_gazebo_garden_becter, ebering_ecumenical_altar_hall,
          uniq_natasha, uniq_ijyb, uniq_terence
D:4:      layout_layer_cave, minmay_temple_entry_glass
D:5:      layout_loops_ring, mainiacjoe_overflow_catwalk, uniq_prince_ribbit1
D:6:      layout_basic, lemuel_round_altar, nicolae_hepliaklqana_hazy_memory,
          mainiacjoe_overflow_brackets, hellmonk_ghost_happy_afterlife

Skill      XL: |  1  2  3  4  5  6  7  8 |
---------------+-------------------------+-----
Shapeshifting  | 5 6 7 9 11 13 | 13.0
Fighting       | 1 |  1.0
Stealth        | 1 |  1.0
Dodging        | |  2.9
Unarmed Combat | |  2.4
Invocations    | |  0.4

Action                     |  1- 3 |  4- 6 |  7- 9 || total
---------------------------+-------+-------+-------++-------
  Melee: Unarmed           |    49 |       |     1 ||    50
         Spear             |    59 |   140 |   148 ||   347
         Punch             |     1 |     1 |     2 ||     4
 Invoke: Recall Undead Har |       |     1 |     1 ||     2
         Dark Bargain      |       |     1 |     1 ||     2
  Evoke: Wand              |       |       |     6 ||     6
    Use: Scroll            |     9 |     6 |     3 ||    18
         Potion            |       |       |     1 ||     1
   Stab: Sleeping          |     1 |     2 |     3 ||     6
         Distracted        |       |     2 |     1 ||     3
 Armour: Animal skin       |     7 |    27 |    38 ||    72
  Dodge: Dodged            |    75 |   101 |   141 ||   317
   Form: Beast             |       |       |     1 ||     1
         Flux              |       |       |     1 ||     1

Table legend: (Time is in decaauts)
 A = Elapsed time spent in this place.
 B = Non-inter-level travel time spent in this place.
 C = Inter-level travel time spent in this place.
 D = Time resting spent in this place.
 E = Time spent auto-exploring this place.
 F = Levels seen in this place.
 G = Mean time per level.
                   A        B        C        D        E       F      G
               +--------+--------+--------+--------+--------+-----+--------+
         Total |   3558 |   3437 |    121 |    328 |   2105 |   6 |  593.0 |
       Dungeon |   3558 |   3437 |    121 |    328 |   2105 |   6 |  593.0 |
               +--------+--------+--------+--------+--------+-----+--------+

Top non-repeatable levels by time:
     D:4: 1008 daAuts
     D:3: 956 daAuts
     D:5: 591 daAuts
     D:2: 504 daAuts
     D:1: 359 daAuts
     D:6: 138 daAuts
